 Dungeon Crawl Stone Soup version 0.30-a0-305-g026cb31310 (webtiles) character file.

Game seed: 157081938642100659

26 LnG the Caller (level 3, -1/19 HPs)
             Began as a Kobold Summoner on Oct 21, 2022.
             Slain by a worm (8 damage)
             ... on level 2 of the Dungeon.
             The game lasted 00:02:13 (1120 turns).

LnG the Caller (Kobold Summoner)                    Turns: 1120, Time: 00:02:14

Health: -1/19      AC:  2    Str:  5    XL:     3   Next: 22%
Magic:  4/6        EV: 15    Int: 18    God:
Gold:   25         SH:  0    Dex: 15    Spells: 0/6 levels left

rFire   . . .      SeeInvis .    h - +0 dagger
rCold   . . .      Faith    .    (no shield)
rNeg    . . .      Spirit   .    a - +0 robe
rPois   .          Reflect  .    (no helmet)
rElec   .          Harm     .    (no cloak)
rCorr   .          Rampage  .    (no gloves)
Will    .....                    (no boots)
Stlth   ++++......               (no amulet)
HPRegen 0.23/turn                (no ring)
MPRegen 0.10/turn                (no ring)

@: no status effects
A: small, no large weapons, nightstalker 3
a: no special abilities


You were on level 2 of the Dungeon.
You visited 1 branch of the dungeon, and saw 2 of its levels.

You collected 25 gold pieces.

Inventory:

Hand Weapons
 h - a +0 dagger (weapon)
Armour
 a - a +0 robe (worn)
Scrolls
 c - 2 scrolls of identify {unknown}
 d - a scroll of fear {unknown}
 e - 2 scrolls of teleportation {unknown}
 g - a scroll of amnesia {unknown}
 j - a scroll of blinking {unknown}
Potions
 b - a potion of magic
 f - a potion of curing {unknown}
 i - a potion of degeneration {unknown}


   Skills:
 + Level 0.3 Short Blades
 + Level 2.6 Dodging
 * Level 3.7 Stealth
 + Level 2.4 Spellcasting
 + Level 4.3 Summonings


You couldn't memorise any spells.
You knew the following spells:

 Your Spells              Type           Power      Damage    Failure   Level
a - Summon Small Mammal   Summ           68%        N/A       3%          1
b - Call Imp              Summ           17%        N/A       4%          2
c - Call Canine Familiar  Summ           17%        N/A       9%          3

Your spell library contained the following spells:

 Spells                   Type           Power      Damage    Failure   Level
 Apportation              Tloc           4%         N/A       17%         1
 Necrotise                Necr           8%         1d4       17%         1
 Summon Guardian Golem    Hex/Summ       9%         N/A       22%         3
 Summon Lightning Spire   Summ/Air       9%         N/A       56%         4


Dungeon Overview and Level Annotations

Branches:
Dungeon (2/15)

Altars:


Innate Abilities, Weirdness & Mutations

You are small and have problems with some larger weapons.
You are completely attuned to the shadows.


Message History

You hit the dart slug but do no damage.
The dart slug is heavily wounded.
The dart slug completely misses you.
You hit the dart slug.
The dart slug is heavily wounded.
You hit the dart slug.
The dart slug is almost dead.
The dart slug bites you.
You hit the dart slug but do no damage.
The dart slug is almost dead.
The dart slug barely misses you.
You hit the dart slug but do no damage.
The dart slug is almost dead.
The dart slug misses you.
You hit the dart slug.
You kill the dart slug!
No target in view!
HP restored.
Things that are here:
a +0 ring mail; a dart slug corpse
Found a ring mail.
A worm comes into view.
The worm bites you!
You barely miss the worm. You hit the worm.
The worm is moderately wounded.
The worm bites you.
Casting: Call Imp (safe; 4% risk of failure)
Confirm with . or Enter, or press ? or * to list all spells.
A shadowy apparition takes form in the air.
The worm barely misses you.
You are too injured to fight recklessly!
You are too injured to fight recklessly!
You barely miss the worm.
The worm is lightly wounded.
Your shadow imp hits the worm.
You hit the worm.
The worm is moderately wounded.
The worm bites you!
You die...

#.# #.# #.#
###.###
#....<#
#####.[[..#
#.........#
#.###.....#
#@# #.....#
..5w[.####.#.#
♣.##..# .# ♣
#... #..##


You could see a worm (ally target) and a friendly shadow imp (summoned).

Vanquished Creatures
  A dart slug (D:2)
  4 bats (D:1)
  3 endoplasms (D:1)
  3 hobgoblins (D:1)
  A quokka (D:1)
  A ball python (D:1)
  A frilled lizard (D:1)
  2 kobolds (D:1)
  3 rats (D:1)
19 creatures vanquished.

Vanquished Creatures (collateral kills)
  An endoplasm (D:1)
  A kobold (D:1)
  3 ball pythons (D:1)
  A bat (D:1)
6 creatures vanquished.

Vanquished Creatures (others)
  5 plants (D:2)
  4 toadstools (D:1)
9 creatures vanquished.

Grand Total: 34 creatures vanquished

Notes
Turn   | Place    | Note
-------+----------+-------------------------------------------
     0 | D:1      | LnG the Kobold Summoner began the quest for the Orb.
     0 | D:1      | Reached XP level 1. HP: 10/10 MP: 3/3
   376 | D:1      | Reached XP level 2. HP: 15/15 MP: 1/5
   379 | D:1      | Learned a level 2 spell: Call Imp
   859 | D:1      | Reached XP level 3. HP: 19/19 MP: 6/6
   865 | D:1      | Learned a level 3 spell: Call Canine Familiar
  1120 | D:2      | Slain by a worm

Illustrated notes

Levels and vault maps discovered:
D:1:      ldierk_walled_garden_2, layout_basic
D:2:      layout_loops_ring, serial_forest, infiniplex_forest_clump_double,
          infiniplex_forest_lined_2, infiniplex_forest_lined_room_2,
          infiniplex_forest_clump_diagonal, infiniplex_forest_side_room,
          infiniplex_forest_clump_long, infiniplex_forest_lined_room_3,
          infiniplex_forest_straight_3, serial_shops, nicolae_square_shop,
          uniq_jessica, uniq_terence

Skill      XL: |  1  2 |
---------------+-------+-----
Stealth        | 3 |  3.7
Short Blades   | |  0.3
Dodging        | |  2.6
Spellcasting   | |  2.4
Summonings     | |  4.3

Action                   || total
-------------------------++-------
Melee: Unarmed           ||    47
       Dagger            ||    34
 Cast: Summon Small Mamm ||    15
       Call Imp          ||     5
 Stab: Sleeping          ||    10
       Distracted        ||     1
Armor: Robe              ||    11
Dodge: Dodged            ||    42

Table legend: (Time is in decaauts)
 A = Elapsed time spent in this place.
 B = Non-inter-level travel time spent in this place.
 C = Inter-level travel time spent in this place.
 D = Time resting spent in this place.
 E = Time spent auto-exploring this place.
 F = Levels seen in this place.
 G = Mean time per level.
                   A        B        C        D        E       F      G
               +--------+--------+--------+--------+--------+-----+--------+
         Total |   1122 |   1082 |     40 |     19 |    862 |   2 |  561.0 |
       Dungeon |   1122 |   1082 |     40 |     19 |    862 |   2 |  561.0 |
               +--------+--------+--------+--------+--------+-----+--------+

Top non-repeatable levels by time:
     D:1: 1088 daAuts
     D:2: 33 daAuts
